 Dungeon Crawl Stone Soup version 0.28-a0-863-g8cecda6153 (webtiles) character file.

Game seed: 10256730010448452902

95 ytrimaz the Covered (level 4, 0/29 HPs)
             Began as a Gargoyle Fighter on Nov 19, 2021.
             Slain by an adder (3 damage)
             ... on level 2 of the Dungeon.
             The game lasted 00:03:51 (1877 turns).

ytrimaz the Covered (Gargoyle Fighter)              Turns: 1877, Time: 00:03:51

Health: 0/29       AC: 10    Str: 21    XL:     4   Next: 65%
Magic:  4/4        EV:  9    Int:  8    God:
Gold:   84         SH:  4    Dex:  9    Spells: 3/3 levels left

rFire   . . .      SeeInvis .   a - +0 war axe
rCold   . . .      Faith    .   c - +0 buckler
rNeg    + . .      Spirit   .   b - +0 scale mail
rPois   ∞          Reflect  .   (no helmet)
rElec   +          Harm     .   (no cloak)
rCorr   .          Rampage  .   (no gloves)
Will    .....                   (no boots)
Stlth   ..........              (no amulet)
HPRegen 0.09/turn               (no ring)
MPRegen 0.09/turn               (no ring)

@: no status effects
A: sickness immunity, AC +3, negative energy resistance 1, electricity
resistance, torment resistance 1, petrification resistance
a: no special abilities


You were on level 2 of the Dungeon.
You visited 1 branch of the dungeon, and saw 2 of its levels.

You collected 84 gold pieces.

Inventory:

Hand Weapons
 a - a +0 war axe (weapon)
Armour
 b - a +0 scale mail (worn)
 c - a +0 buckler (worn)
Potions
 d - a potion of might
 e - a potion of curing {unknown}
 f - 2 potions of flight {unknown}


   Skills:
 + Level 3.9 Fighting
 + Level 3.1 Axes
 + Level 3.9 Armour
 + Level 3.6 Shields


You had 3 spell levels left.
You didn't know any spells.
Your spell library was empty.

Dungeon Overview and Level Annotations

Branches:
Dungeon (2/15)

Altars:


Innate Abilities, Weirdness & Mutations

You are immune to sickness and miasma.
Your stone body is resilient. (AC +3)
You are immune to poison.
You resist negative energy. (rN+)
You are resistant to electric shocks. (rElec)
You are resistant to unholy torment.
You are immune to petrification.


Message History

You miss the adder.
The adder is moderately wounded.
You block the adder's attack. The adder bites you but does no damage.
You are too injured to fight recklessly!
Unknown command.
You barely miss the adder.
The adder is lightly wounded.
You miss the adder. The adder closely misses you. You block the adder's attack.
The adder bites you. The adder closely misses you.
You closely miss the adder.
The adder is lightly wounded.
You barely miss the adder. The adder bites you but does no damage.
The adder bites you.
* * * LOW HITPOINT WARNING * * *
Unknown command.
You barely miss the adder.
The adder is lightly wounded.
You barely miss the adder. The adder bites you but does no damage.
The adder bites you.
* * * LOW HITPOINT WARNING * * *
You block the adder's attack. The adder bites you.
* * * LOW HITPOINT WARNING * * *
You miss the adder.
The adder is lightly wounded.
You closely miss the adder. The adder bites you but does no damage.
The adder bites you.
* * * LOW HITPOINT WARNING * * *
The adder bites you.
* * * LOW HITPOINT WARNING * * *
The adder barely misses you.
You barely miss the adder.
The adder is lightly wounded.
You closely miss the adder. The adder barely misses you.
You block the adder's attack.
The adder bites you but does no damage. x2
Unknown command.
You hit the adder.
The adder is heavily wounded.
You barely miss the adder. The adder closely misses you.
The adder completely misses you. The adder bites you.
You die...

#.#
#.########
#.#≈≈≈≈≈≈≈
#.#≈≈≈≈...
#.#≈≈≈....
#.#≈≈....♣
#.#≈...≈≈.
#S#≈...≈..
#@S†..♣
###≈...≈..
≈...≈≈.
≈≈....♣
≈≈≈....
≈≈≈≈...
≈≈≈≈≈≈≈
#######


You could see 2 adders.

Vanquished Creatures
  A bullfrog skeleton (D:2)
  3 adders (D:2)
  2 worms (D:2)
  2 dart slugs
  3 ball pythons (D:1)
  5 endoplasms
  2 giant cockroaches (D:2)
  4 goblins
  2 hobgoblins
  A quokka (D:2)
  3 bats (D:1)
  A frilled lizard (D:1)
  2 kobolds (D:1)
  2 rats (D:1)
33 creatures vanquished.

Notes
Turn   | Place    | Note
-------+----------+-------------------------------------------
     0 | D:1      | ytrimaz the Gargoyle Fighter began the quest for the Orb.
     0 | D:1      | Reached XP level 1. HP: 14/14 MP: 1/1
    61 | D:1      | Found a faded altar of an unknown god.
   208 | D:1      | Reached XP level 2. HP: 15/19 MP: 2/2
  1095 | D:2      | Reached XP level 3. HP: 24/24 MP: 3/3
  1544 | D:2      | Reached XP level 4. HP: 9/29 MP: 4/4
  1877 | D:2      | Slain by an adder

Illustrated notes

Levels and vault maps discovered:
D:1:      sevenhm_arrival_forest_fort_large_2, layout_basic,
          chequers_ecumenical_altar_island, amcnicky_mini_rare_corridor_liquid,
          minmay_pentomino_s2
D:2:      layout_basic, kennysheep_generic_room_2

Skill      XL: |  1  2  3  4 |
---------------+-------------+-----
Axes           | 2 3 |  3.1
Fighting       | |  3.9
Armour         | |  3.9
Shields        | |  3.6

Action                   |  1- 3 |  4- 6 || total
-------------------------+-------+-------++-------
Melee: War axe           |    86 |    29 ||   115
  Use: Scroll            |     3 |     1 ||     4
Armor: Scale mail        |    46 |    28 ||    74
Dodge: Dodged            |    40 |    28 ||    68
Block: Buckler           |    21 |     8 ||    29

Table legend: (Time is in decaauts)
 A = Elapsed time spent in this place.
 B = Non-inter-level travel time spent in this place.
 C = Inter-level travel time spent in this place.
 D = Time resting spent in this place.
 E = Time spent auto-exploring this place.
 F = Levels seen in this place.
 G = Mean time per level.
                   A        B        C        D        E       F      G
               +--------+--------+--------+--------+--------+-----+--------+
         Total |   1925 |   1875 |     50 |      0 |   1563 |   2 |  962.5 |
       Dungeon |   1925 |   1875 |     50 |      0 |   1563 |   2 |  962.5 |
               +--------+--------+--------+--------+--------+-----+--------+

Top non-repeatable levels by time:
     D:1: 1103 daAuts
     D:2: 822 daAuts
